 Dungeon Crawl Stone Soup version 0.31-a0-1-g4198be8af4 (webtiles) character file.

Game seed: 8514671559478728560

28 Jeffwins the Grave Robber (level 3, -1/22 HPs)
             Began as an Octopode Necromancer on May 2, 2023.
             Slain by a gnoll
             ... wielding a +0 club
              (8 damage)
             ... on level 1 of the Dungeon.
             The game lasted 00:01:31 (785 turns).

Jeffwins the Grave Robber (Octopode Necromancer)     Turns: 785, Time: 00:01:32

Health: -1/22      AC:  1    Str:  7    XL:     3   Next: 14%
Magic:  3/6        EV: 13    Int: 19    God:
Gold:   84         SH:  0    Dex: 12    Spells: 5/6 levels left

rFire   . . .        (no weapon)
rCold   . . .        (no shield)
rNeg    . . .        (helmet restricted)
rPois   .            (no amulet)
rElec   .            (no ring)
rCorr   .            (no ring)
SInv    .            (no ring)
Will    .....        (no ring)
Stlth   +++          (no ring)
HPRegen 0.23/turn    (no ring)
MPRegen 0.10/turn    (no ring)
                     (no ring)

%: no passive effects
@: no status effects
A: almost no armour, amphibious, 8 rings, camouflage 1, gelatinous body 1,
(nimble swimmer 1), tentacles
a: no special abilities


You were on level 1 of the Dungeon.
You visited 1 branch of the dungeon, and saw 2 of its levels.

You collected 84 gold pieces.


Innate Abilities, Weirdness & Mutations

You cannot wear most types of armour.
You are amphibious.
You can wear up to eight rings at the same time.
Your skin changes colour to match your surroundings (Stealth+).
Your rubbery body absorbs attacks. (AC +1, EV +1)
((You are camouflaged when in or above water. (Stealth+)))
You have tentacles for arms and can constrict up to eight enemies at once.


   Skills:
 + Level 0.4 Fighting
 * Level 0.9 Ranged Weapons
 + Level 2.2 Dodging
 + Level 3.0 Stealth
 * Level 2.3 Spellcasting
 * Level 4.3 Necromancy


You had 5 spell levels left.
You knew the following spells:

 Your Spells              Type           Power      Damage    Failure   Level
z - Necrotise             Necr           72%        1d7       2%          1

Your spell library contained the following spells:

 Spells                   Type           Power      Damage    Failure   Level
 Vampiric Draining        Necr           18%        2d7       9%          3
 Animate Dead             Necr           18%        N/A       26%         4
 Agony                    Necr           18%        N/A       58%         5

Inventory:

Hand Weapons
 d - a +0 sling
Scrolls
 b - 2 scrolls of identify {unknown}
 c - a scroll of poison {unknown}
 g - a scroll of teleportation {unknown}
 h - a scroll of immolation {unknown}
Potions
 a - 2 potions of magic
 e - a potion of brilliance {unknown}
 f - a potion of heal wounds {unknown}
 i - a potion of mutation {unknown}
 j - a potion of flight {unknown}

Dungeon Overview and Level Annotations

Branches:
Dungeon (2/15)

Altars:

Annotations:
D:1 1 exclusion
D:2 Robin

#....#####...##...###.....# #.
##.##.#.###.......# ##....# #.
##.####.# #......### ###### ##
#...###.####....(#.###########
.###.##.##.#..<###...........# .#
#.......######............####
.###.##.#########....#####.......
#...###.####...##g...#[:[#...####
##.## #.........@....#b[$#...#
#.# ######....##...#$($#...#
#.####..............#####...#
#...........................#
#......#####.#.###..........#
##..######......# ##.#######.#
#...######.##.#####..........#
...........##.# #..##########
##.##########.# #..#


You could see a gnoll and a bat.


Message History

You shoot a sling bullet.
The sling bullet barely misses the gnoll.
The gnoll barely misses you.
You shoot a sling bullet. The sling bullet hits the gnoll.
The gnoll is moderately wounded.
The gnoll barely misses you.
You shoot a sling bullet.
The sling bullet hits the gnoll but does no damage.
The gnoll is moderately wounded.
The gnoll hits you with a +0 club. x2
* * * LOW HITPOINT WARNING * * *
You are now empty-tentacled.
You tentacle-slap the gnoll but do no damage.
You grab the gnoll.
You squeeze the gnoll, but do no damage.
The gnoll is moderately wounded.
You constrict the gnoll. The gnoll barely misses you.
You tentacle-slap the gnoll but do no damage.
The gnoll is moderately wounded.
You constrict the gnoll. The gnoll misses you.
You tentacle-slap the gnoll.
The gnoll is heavily wounded.
You constrict the gnoll, but do no damage.
The gnoll hits you with a +0 club.
* * * LOW HITPOINT WARNING * * *
You tentacle-slap the gnoll. You squeeze the gnoll.
The gnoll is almost dead.
You constrict the gnoll, but do no damage.
The gnoll hits you with a +0 club!
You die...

Skill      XL: |  1  2 |
---------------+-------+-----
Stealth        | 3 |  3.0
Fighting       | |  0.4
Ranged Weapons | |  0.9
Dodging        | |  2.2
Spellcasting   | |  2.3
Necromancy     | |  4.3

Action                     || total
---------------------------++-------
  Melee: Unarmed           ||     7
         Tentacles         ||     4
         Constrict         ||     2
   Fire: Sling             ||    56
   Cast: Necrotise         ||     4
   Stab: Sleeping          ||     1
 Armour: Skin              ||     3
  Dodge: Dodged            ||    20

Levels and vault maps discovered:
D:1:      amcnicky_arrival_wind_blow, layout_loops_ring, due_unseen_surprise
D:2:      layout_loops_ring, uniq_robin, uniq_sigmund

Notes
Turn   | Place    | Note
-------+----------+-------------------------------------------
     0 | D:1      | Jeffwins the Octopode Necromancer began the quest for the
                  | Orb.
     0 | D:1      | Reached XP level 1. HP: 11/11 MP: 3/3
   109 | D:1      | Reached XP level 2. HP: 17/17 MP: 5/5
   464 | D:1      | Reached skill level 3 in Stealth
   536 | D:1      | Reached XP level 3. HP: 22/22 MP: 6/6
   773 | D:2      | Identified the +0 helmet of the Nexus {rC- rN+ Str+6}
   773 | D:2      | Noticed Robin
   785 | D:1      | Slain by a gnoll

Vanquished Creatures
  A dart slug (D:1)
  3 ball pythons (D:1)
  4 endoplasms (D:1)
  5 goblins
  3 hobgoblins
  A kobold (D:1)
  A quokka (D:1)
  2 bats (D:1)
  A frilled lizard (D:1)
  4 rats (D:1)
25 creatures vanquished.

Table legend: (Time is in decaauts)
 A = Elapsed time spent in this place.
 B = Non-inter-level travel time spent in this place.
 C = Inter-level travel time spent in this place.
 D = Time resting spent in this place.
 E = Time spent auto-exploring this place.
 F = Levels seen in this place.
 G = Mean time per level.
                   A        B        C        D        E       F      G
               +--------+--------+--------+--------+--------+-----+--------+
         Total |    804 |    768 |     36 |      0 |    620 |   2 |  402.0 |
       Dungeon |    804 |    768 |     36 |      0 |    620 |   2 |  402.0 |
               +--------+--------+--------+--------+--------+-----+--------+

Top non-repeatable levels by time:
     D:1: 788 daAuts
     D:2: 16 daAuts

Table legend:
 A = Non-vault XP
 B = Vault XP
 C = Vault XP percentage of total XP
 D = Non-vault monster count
 E = Vault monster count
 F = Vault count percentage of total count
                 A         B        C        D         E       F
            +---------+---------+-------+---------+---------+-------
      Total |      34 |       7 |  17.1 |      21 |       4 |  16.0
            +---------+---------+-------+---------+---------+-------
        D:1 |      34 |       0 |   0.0 |      21 |       0 |   0.0
        D:2 |       0 |       7 | 100.0 |       0 |       4 | 100.0
            +---------+---------+-------+---------+---------+-------
